 Seeded DCSS version 0.29.1 (webtiles) character file.

Game seed: 9708579739092153053 (custom seed)

50 GigaChad the Conjurer (level 3, -4/19 HPs)
             Began as a Deep Elf Conjurer on Sept 14, 2022.
             Killed by divine providence
             ... invoked by an orc priest
              (14 damage)
             ... on level 3 of the Dungeon.
             The game lasted 00:06:25 (1951 turns).

GigaChad the Conjurer (Deep Elf Conjurer)           Turns: 1951, Time: 00:06:26

Health: -4/19      AC:  2    Str: 10    XL:     3   Next: 55%
Magic:  3/10       EV: 12    Int: 24    God:
Gold:   648        SH:  0    Dex: 16    Spells: 7/10 levels left

rFire   . . .      SeeInvis .   m - staff of conjuration
rCold   . . .      Faith    .   (no shield)
rNeg    . . .      Spirit   .   a - +0 robe
rPois   +          Reflect  .   (no helmet)
rElec   .          Harm     .   (no cloak)
rCorr   .          Rampage  .   (no gloves)
Will    .....                   (no boots)
Stlth   ++........              (no amulet)
HPRegen 0.06/turn               n - ring "Ciuneij" {*Slow +Blink rPois Str+6 Dex+3}
MPRegen 0.12/turn               (no ring)

@: no status effects
A: no striking features
a: Evoke Blink


You were on level 3 of the Dungeon.
You visited 1 branch of the dungeon, and saw 3 of its levels.

You collected 648 gold pieces.

Inventory:

Hand Weapons
 e - the +7 mace of the Maze {spect, rPois Will+ Str+2}
   (You found it on level 2 of the Dungeon)

   When its wielder attacks, the weapon's spirit leaps out and strikes again.
   The spirit shares a part of any damage it takes with its wielder.
   Str:       It affects your strength (+2).
   rPois:     It protects you from poison.
   Will:      It increases your willpower.
Armour
 a - a +0 robe (worn)
Magical Staves
 m - a staff of conjuration (weapon)
Jewellery
 n - the ring "Ciuneij" (left hand) {*Slow +Blink rPois Str+6 Dex+3}
   (You acquired it on level 3 of the Dungeon)

   [ring of strength]

   Str:       It affects your strength (+6).
   Dex:       It affects your dexterity (+3).
   rPois:     It protects you from poison.
   +Blink:    It lets you blink.
   *Slow:     It may slow you when you take damage.
Wands
 k - a wand of flame (4)
Scrolls
 c - a scroll of blinking {unknown}
 d - 2 scrolls of teleportation {unknown}
 f - a scroll of noise {unknown}
 h - 2 scrolls of identify
 i - a scroll of fear
Potions
 b - a potion of magic
 g - a potion of brilliance {unknown}
 j - a potion of haste {unknown}


   Skills:
 - Level 2.4 Dodging
 - Level 2.4 Stealth
 + Level 4.4 Spellcasting
 - Level 5.1 Conjurations


You had 7 spell levels left.
You knew the following spells:

 Your Spells              Type           Power      Damage    Failure   Level
a - Magic Dart            Conj           100%       1d8       1%          1
b - Searing Ray           Conj           90%        2d7       1%          2

Your spell library contained the following spells:

 Spells                   Type           Power      Damage    Failure   Level
 Necrotise                Necr           20%        1d5       10%         1
 Dazzling Flash           Conj/Hex       52%        N/A       10%         3
 Vampiric Draining        Necr           5%         2d6       28%         3
 Fulminant Prism          Conj/Hex       13%        3d9       32%         4
 Iskenderun's Mystic Bla  Conj/Tloc      26%        2d7       32%         4
 Agony                    Necr           5%         N/A       95%         5


Dungeon Overview and Level Annotations

Branches:
Dungeon (3/15)

Altars:


Message History

A bat comes into view.
A bat is nearby!
A bat is nearby!
A bat is nearby!
You feel a surge of power!
The magic dart hits the bat!
You kill the bat!
You can't see any susceptible monsters within range! (Use Z to cast anyway.) You're too inexperienced to learn that spell!
Found 3 stones.
Found a stone staircase leading down. 2 orcs come into view.
There are monsters nearby!
You feel a surge of power!
The magic dart hits the orc but does no damage.
The orc shouts!
An orc priest comes into view. It is wielding a +2 whip of freezing.
You feel a surge of power!
The magic dart hits the orc priest.
The orc priest is heavily wounded.
The orc priest shouts!
You feel a surge of power!
The magic dart hits the orc priest.
The orc priest is heavily wounded.
The orc priest miscasts a cantrip.
You feel a surge of power!
The magic dart hits the orc but does no damage.
You feel a surge of power!
The magic dart hits the orc!
You kill the orc!
You feel a surge of power!
The magic dart hits the orc priest.
The orc priest is severely wounded.
You feel a surge of power!
The magic dart hits the orc priest.
The orc priest is almost dead.
The orc priest mumbles some strange prayers to Beogh against you.
Beogh smites you!
An orc comes into view. It is wielding a +1 vorpal falchion.
The orc shouts!
You feel a surge of power!
The magic dart hits the orc but does no damage.
The orc priest calls down the wrath of Beogh upon you.
Beogh smites you!
Ouch! That really hurt!
You die...

##.. ###### ##...
....##########....
#.................
##.#.#######.##....
.#####....# ##.###...
o......#..######...###..
#>...o.............# ##.
#).o@...........# #.
#?####.#####.#### #.
#..# #.# #. #####.# #.#
..# #.# #(# ####.. #.#
#.# #.# #..... #.# #.#
#.# #.##.# #.# #.# #.#
#.##.# .######.# #.# #.#
#.##..


You could see an orc priest and 2 orcs.

Vanquished Creatures
  An adder (D:3)
  2 worms
  2 orcs (D:3)
  2 bats (D:3)
  An endoplasm (D:3)
  2 giant cockroaches
  7 goblins
  3 hobgoblins
  4 jackals (D:2)
  2 ball pythons
  2 frilled lizards
  3 kobolds
  A rat (D:1)
32 creatures vanquished.

Notes
Turn   | Place    | Note
-------+----------+-------------------------------------------
     0 | D:1      | GigaChad the Deep Elf Conjurer began the quest for the Orb.
     0 | D:1      | Reached XP level 1. HP: 10/10 MP: 6/6
   379 | D:2      | Identified the +7 mace of the Maze {spect, rPois Will+
                  | Str+2}
   560 | D:2      | Reached XP level 2. HP: 15/15 MP: 6/8
   571 | D:2      | Reached skill level 5 in Conjurations
  1360 | D:3      | Learned a level 2 spell: Searing Ray
  1499 | D:3      | Reached XP level 3. HP: 19/19 MP: 5/10
  1860 | D:3      | Identified 3 scrolls of acquirement
  1860 | D:3      | Acquired a staff of conjuration
  1863 | D:3      | Acquired the ring "Ciuneij" {*Slow +Blink rPois Str+6
                  | Dex+3}
  1866 | D:3      | Acquired 545 gold pieces
  1951 | D:3      | Killed from afar by an orc priest

Illustrated notes

Levels and vault maps discovered:
D:1:      matt_arrival_spirals, layout_loops_ring,
          chequers_ecumenical_altar_island, chequers_serial_rivers_room_b,
          minmay_misc_feat_nine_boxes
D:2:      layout_basic, chequers_serial_rivers_small_3
D:3:      layout_loops_ring

Skill      XL: |  1  2  3 |
---------------+----------+-----
Conjurations   | 5 |  5.1
Spellcasting   | 4 |  4.4
Dodging        | |  2.4
Stealth        | |  2.4

Action                   || total
-------------------------++-------
Melee: Mace              ||     3
 Cast: Magic Dart        ||    58
  Use: Scroll            ||     4
 Stab: Sleeping          ||     1
Dodge: Dodged            ||     4
